 Dungeon Crawl Stone Soup version 0.20.1-1-g8b1a95d (webtiles) character file.

35873 markt42 the Spear-Bearer (level 13, -2/80 HPs)
             Began as a Gargoyle Fighter on Oct 7, 2017.
             Was the Champion of Okawaru.
             Splashed by an oklob plant's acid (18 damage)
             ... on level 5 of the Lair of Beasts.
             The game lasted 00:31:03 (18703 turns).

markt42 the Spear-Bearer (Gargoyle Fighter)        Turns: 18703, Time: 00:31:04

Health: -2/80      AC: 22    Str: 26    XL:     13   Next: 86%
Magic:  13/13      EV:  9    Int: 10    God:    Okawaru [******]
Gold:   939        SH:  9    Dex: 11    Spells: 12/12 levels left

rFire    . . .     SeeInvis .   C - +7 trident of Yesterday {pierce, rPois MR+}
rCold    . . .     Gourm    .   i - +3 warlock's mirror {reflect}
rNeg     + . .     Faith    .   H - +0 plate armour
rPois    ∞         Spirit   .   M - +1 hat of Pleasant Breezes {Str+4}
rElec    +         Reflect  +   E - +0 cloak
rCorr    .         Harm     +   (no gloves)
MR       ++...                  e - +0 pair of boots
Stlth    ..........             G - amulet of harm
Regen    0.3/turn               J - +4 ring of protection
MPRegen  0.2/turn               I - ring of protection from magic

@: corroded
A: beak, icy blue scales 1, blurry vision 1, negative energy resistance 1,
electricity resistance, unbreathing, petrification resistance, rot immunity, AC
+9
a: Heroism, Finesse, Renounce Religion


You were on level 5 of the Lair of Beasts.
You worshipped Okawaru.
Okawaru was exalted by your worship.
You were very hungry.

You visited 3 branches of the dungeon, and saw 16 of its levels.

You collected 939 gold pieces.

Inventory:

Hand Weapons
 C - the +7 trident of Yesterday (weapon) {pierce, rPois MR+}
   (You found it on level 6 of the Dungeon)

   It inflicts extra damage upon your enemies.
   It protects you from poison.
   It affects your resistance to hostile enchantments.
Armour
 e - a +0 pair of boots (worn)
 i - the +3 warlock's mirror (worn) {reflect}
   (You found it on level 10 of the Dungeon)
 E - a +0 cloak (worn)
 H - a +0 plate armour (worn)
 M - the +1 hat of Pleasant Breezes (worn) {Str+4}
   (Okawaru gifted it to you on level 4 of the Lair of Beasts)

   It affects your strength (+4).
Jewellery
 B - an uncursed ring of flight
 G - an amulet of harm (around neck)
 I - a ring of protection from magic (right hand)
 J - a +4 ring of protection (left hand)
 Q - an uncursed amulet of the gourmand
Wands
 a - a wand of confusion (29/48)
 q - a wand of lightning (0/15)
 y - a wand of paralysis (8/24)
 D - a wand of digging (15/24)
 F - a wand of confusion (8/48)
Scrolls
 b - 2 scrolls of enchant weapon
 g - 8 scrolls of remove curse
 h - 12 scrolls of identify
 j - a scroll of fear
 m - 6 scrolls of amnesia
 n - a scroll of recharging
 t - 2 scrolls of fog
 v - 8 scrolls of teleportation
 K - a scroll of blinking
 P - a scroll of magic mapping
Potions
 d - 3 potions of flight
 k - 2 potions of cancellation
 s - a potion of heal wounds
 z - 2 potions of agility
 L - 7 potions of curing
 O - a potion of haste
Comestibles
 f - 12 bread rations
 o - 21 fruits
 p - 17 royal jellies
 w - 7 meat rations


   Skills:
 + Level 9.2 Fighting
   Level 5.4(11.0) Axes
   Level 6.2(7.3) Maces & Flails
 * Level 13.5(13.9) Polearms
 * Level 11.5 Armour
 + Level 3.3 Dodging
 + Level 9.7 Shields
 + Level 1.0 Evocations


You had 12 spell levels left.
You didn't know any spells.

Dungeon Overview and Level Annotations

Branches:
Dungeon (10/15)            Temple (1/1) D:4            Lair (5/6) D:10
 Shoals (0/4) Lair:3        Snake (0/4) Lair:2        Slime (0/5) Lair:5
    Orc: D:9-12

Altars:
Ashenzari
Cheibriados
Dithmenos
Elyvilon
Fedhas
Gozag
Hepliaklqana
Kikubaaqudgha
Makhleb
Nemelex Xobeh
Okawaru
Qazlal
Ru
Sif Muna
Trog
Uskayaw
Vehumet
Xom
Yredelemnul
Zin
The Shining One

Shops:
D:4 =   D:6 [

Annotations:
D:5 1 runed door
Lair:5 exclusion: 3 oklob plants


Innate Abilities, Weirdness & Mutations

You are resistant to torment.
Your stone body is resilient. (AC +9)
You are immune to poison.
You resist negative energy. (rN+)
You are resistant to electric shocks. (rElec)
You can survive without breathing.
You are immune to petrification.
You are immune to rotting.
You have a beak for a mouth.
You are partially covered in icy blue scales. (AC +2)
Scrolls take you a little longer to read.


Message History

The oklob plant spits acid at you. The splash of acid hits you!
The acid corrodes you!
You are splashed with acid!
The acid burns!
The oklob plant spits acid at you.
Your +3 warlock's mirror {reflect} reflects the splash of acid!
The splash of acid hits the oklob plant.
The oklob plant completely resists.
The oklob plant spits acid at you. The splash of acid hits you!
The acid corrodes you!
You are splashed with acid!
The acid burns!
Unknown command.
The oklob plant spits acid at you. The splash of acid hits you!
You are splashed with acid!
The acid burns!
The oklob plant spits acid at you. The splash of acid hits you!
The acid corrodes you!
You are splashed with acid!
The acid burns!
* * * LOW HITPOINT WARNING * * *
The oklob plant spits acid at you. The splash of acid hits you!
You are splashed with acid!
The acid burns!
You die...

## ###... #.#....
###....... ##
###.........
#.##.@...P.P...
##..##P..P>....
#.../#.........
##..............
#####.#.............
#.#..#†.............
#
#..#...........#....
.
##..........###....#
#. #P.##.....#.#
##..#######..


You could see 3 oklob plants.

Vanquished Creatures
  Gastronok (D:8)
  Fannar (Lair:1)
  A hydra (Lair:2)
  Erica (D:9)
  2 two-headed ogres (D:8)
  11 wizards (D:10)
  Pikel (D:8)
  5 oklob plants (Lair:3)
  A manticore (D:9)
  A merfolk siren (Lair:3)
  A gargoyle (D:10)
  Psyche (D:9)
  Joseph (D:7)
  8 spiny frogs
  3 komodo dragons
  A polar bear (Lair:2)
  11 blink frogs
  9 hippogriffs
  2 hungry ghosts
  6 basilisks
  30 yaks
  A wyvern (D:10)
  The ghost of MasterBenM the Magician, an amateur DgWz (D:6)
  3 soldier ants (D:5)
  2 nagas (Lair:2)
  8 water moccasins
  13 porcupines
  4 black bears
  3 orc warriors
  2 sky beasts
  9 ogres
  A necrophage (D:10)
  2 phantoms
  3 wolves (Lair:1)
  The ghost of Frank the Skirmisher, an amateur OpFi (D:3)
  14 crocodiles
  A wyvern zombie (D:6)
  A big kobold (D:9)
  A gnoll sergeant (D:9)
  8 bullfrogs
  4 scorpions
  11 killer bees
  3 electric eels (D:9)
  A howler monkey (D:6)
  2 centaur zombies
  4 crimson imps
  A bullfrog zombie (D:6)
  A bullfrog skeleton (D:10)
  7 jellies
  A quasit (D:7)
  Crazy Yiuf (D:6)
  5 orc priests
  4 hounds
  8 orc wizards
  6 iguanas
  9 worker ants
  A worker ant zombie (D:9)
  5 gnolls
  8 adders
  2 shadow imps
  6 oozes
  6 worms
  2 dart slugs (D:1)
  5 leopard geckos
  35 orcs
  A ball python (D:2)
  6 bats
  9 giant cockroaches
  17 goblins
  8 hobgoblins
  12 jackals
  11 kobolds
  7 quokkas
  7 frilled lizards
  A quokka zombie (D:6)
  8 rats
  2 plants (Lair:3)
403 creatures vanquished.

Vanquished Creatures (others)
  A slave (D:8)
  A bullfrog (D:8)
  An orc priest (D:8)
  3 orc wizards (D:8)
  An iguana (D:8)
  A gnoll (D:9)
  An orc (D:4)
9 creatures vanquished.

Grand Total: 412 creatures vanquished

Notes
Turn   | Place    | Note
-------+----------+-------------------------------------------
     0 | D:1      | markt42 the Gargoyle Fighter began the quest for the Orb.
     0 | D:1      | Reached XP level 1. HP: 14/14 MP: 1/1
   133 | D:1      | Reached XP level 2. HP: 15/19 MP: 2/2
   525 | D:1      | Reached XP level 3. HP: 15/23 MP: 3/3
  1259 | D:2      | Reached XP level 4. HP: 29/29 MP: 4/4
  1362 | D:2      | Found a deep blue altar of Sif Muna.
  1564 | D:2      | Found an iron altar of Okawaru.
  1610 | D:2      | Became a worshipper of Warmaster Okawaru
  1895 | D:3      | Noticed Frank's ghost (amateur OpFi)
  1908 | D:3      | Killed Frank's ghost
  1908 | D:3      | Reached XP level 5. HP: 33/33 MP: 5/5
  2202 | D:3      | Reached XP level 6. HP: 38/38 MP: 6/6
  2216 | D:3      | Found a shimmering altar of Xom.
  2231 | D:3      | Reached skill level 5 in Maces & Flails
  3704 | D:4      | Found a staircase to the Ecumenical Temple.
  3773 | Temple   | Entered the Ecumenical Temple
  3963 | D:4      | Found Baun's Jewellery Boutique.
  4029 | D:5      | Entered Level 5 of the Dungeon
  4130 | D:5      | Got a faintly glowing leather armour
  4141 | D:5      | Identified the +1 leather armour of the Armadillo {*Contam rN+ Slay+2} (You found it on level 5 of the Dungeon)
  4170 | D:5      | Noticed a sky beast
  4192 | D:5      | Killed a sky beast
  4192 | D:5      | Reached XP level 7. HP: 23/43 MP: 7/7
  4385 | D:5      | Reached * piety under Okawaru
  4385 | D:5      | Reached skill level 1 in Dodging
  4782 | D:5      | Found a runed door.
  4796 | D:5      | Found a runed door.
  4796 | D:5      | Noticed a soldier ant
  4796 | D:5      | Noticed a soldier ant
  4797 | D:5      | Noticed a soldier ant
  4874 | D:4      | HP: 2/44 [killer bee (4)]
  5161 | D:5      | Reached skill level 1 in Axes
  5164 | D:5      | Reached skill level 5 in Armour
  5164 | D:5      | Reached XP level 8. HP: 38/48 MP: 8/8
  5407 | D:5      | Found a blossoming altar of Fedhas.
  5660 | D:5      | Reached skill level 5 in Shields
  5704 | D:5      | Reached ** piety under Okawaru
  5791 | D:5      | Reached skill level 5 in Fighting
  6091 | D:6      | Found Cyazomo's Armour Shoppe.
  6104 | D:6      | Reached XP level 9. HP: 35/54 MP: 9/9
  6148 | D:6      | Reached skill level 5 in Axes
  6305 | D:6      | Got an iridescent trident
  6306 | D:6      | Identified the +7 trident of Yesterday {pierce, rPois MR+} (You found it on level 6 of the Dungeon)
  6415 | D:6      | Noticed MasterBenM's ghost (amateur DgWz)
  6426 | D:6      | Killed MasterBenM's ghost
  6426 | D:6      | Reached skill level 1 in Polearms
  6750 | D:6      | Found an ancient bone altar of Kikubaaqudgha.
  6840 | D:6      | Found a glowing silver altar of Zin.
  6840 | D:6      | Found a bloodstained altar of Trog.
  6845 | D:6      | Found a shattered altar of Ashenzari.
  6852 | D:6      | Found a snail-covered altar of Cheibriados.
  6853 | D:6      | Found a faded altar of an unknown god.
  6902 | D:6      | Found a runed door.
  7028 | D:6      | Noticed Crazy Yiuf
  7031 | D:6      | Killed Crazy Yiuf
  7208 | D:7      | Reached skill level 2 in Polearms
  7233 | D:7      | Found an opulent altar of Gozag.
  7253 | D:7      | Reached *** piety under Okawaru
  7537 | D:7      | Reached skill level 3 in Polearms
  7796 | D:7      | Gained mutation: You are weak. (Str -2) [mutagenic glow]
  8076 | D:7      | Noticed Joseph
  8125 | D:6      | Reached skill level 4 in Polearms
  8219 | D:7      | Killed Joseph
  8219 | D:7      | Reached XP level 10. HP: 51/60 MP: 10/10
  8563 | D:8      | Reached skill level 5 in Polearms
  8571 | D:8      | Received a gift from Okawaru
  8731 | D:8      | Noticed Gastronok
  8755 | D:8      | Killed Gastronok
  8755 | D:8      | Reached **** piety under Okawaru
  8755 | D:8      | Reached skill level 7 in Polearms
  8952 | D:8      | Noticed Pikel
  8954 | D:8      | Noticed a two-headed ogre
  8965 | D:8      | Killed a two-headed ogre
  8978 | D:8      | Killed Pikel
  8978 | D:8      | Reached ***** piety under Okawaru
  8978 | D:8      | Reached skill level 8 in Polearms
  8978 | D:8      | Reached XP level 11. HP: 35/66 MP: 11/11
  9244 | D:8      | Noticed a two-headed ogre
  9459 | D:8      | Killed a two-headed ogre
 10210 | D:9      | Noticed Psyche
 10240 | D:9      | Killed Psyche
 10287 | D:9      | Reached skill level 9 in Polearms
 10306 | D:9      | Noticed Erica
 10310 | D:9      | Received a gift from Okawaru
 10314 | D:9      | Killed Erica
 10315 | D:9      | Got a faintly glowing halberd {god gift}
 10316 | D:9      | Identified the +2 halberd "Heuxiev" {chop, Fragile rPois SInv} (Okawaru gifted it to you on level 9 of the Dungeon)
 10518 | D:9      | Noticed a manticore
 10527 | D:9      | Killed a manticore
 10704 | D:9      | Lost mutation: You are weak. (Str -2) [potion of mutation]
 10704 | D:9      | Gained mutation: You have a beak for a mouth. [potion of mutation]
 10704 | D:9      | Gained mutation: You are partially covered in icy blue scales. (AC +2) [potion of mutation]
 10730 | D:10     | Entered Level 10 of the Dungeon
 10949 | D:10     | Received a gift from Okawaru
 11288 | D:10     | Reached skill level 10 in Polearms
 11331 | D:10     | Noticed a wizard
 11333 | D:10     | Found a staircase to the Lair.
 11340 | D:10     | Killed a wizard
 11352 | D:10     | Reached XP level 12. HP: 72/72 MP: 12/12
 11355 | D:10     | Gained mutation: Scrolls take you a little longer to read. [mutagenic meat]
 11820 | D:10     | Reached skill level 11 in Polearms
 11826 | D:10     | Reached ****** piety under Okawaru
 12616 | Lair:1   | Entered Level 1 of the Lair of Beasts
 12736 | Lair:1   | Noticed Fannar
 12753 | Lair:1   | Killed Fannar
 12753 | Lair:1   | Received a gift from Okawaru
 12755 | Lair:1   | Reached skill level 10 in Armour
 12849 | Lair:1   | Reached skill level 12 in Polearms
 13356 | Lair:1   | Received a gift from Okawaru
 13357 | Lair:1   | Got a pitted halberd {god gift}
 13584 | Lair:2   | Reached XP level 13. HP: 78/78 MP: 13/13
 13691 | Lair:2   | Found a staircase to the Snake Pit.
 14676 | Lair:3   | Received a gift from Okawaru
 14764 | Lair:3   | Reached skill level 13 in Polearms
 16350 | Lair:3   | Found a staircase to the Shoals.
 16546 | Lair:3   | Found a glowing silver altar of Zin.
 17100 | Lair:3   | Reached skill level 1 in Evocations
 17612 | Lair:4   | Received a gift from Okawaru
 17613 | Lair:4   | Got a warped hat {god gift}
 17624 | Lair:4   | Identified the +1 hat of Pleasant Breezes {Str+4} (Okawaru gifted it to you on level 4 of the Lair of Beasts)
 18533 | Lair:5   | Found a staircase to the Slime Pits.
 18703 | Lair:5   | Splashed by an oklob plant's acid

Skill      XL: |  1  2  3  4  5  6  7  8  9 10 11 12 13 |
---------------+----------------------------------------+-----
Maces & Flails | 3 4 6 |  6.2
Armour         | 4 5 6 7 9 10 11 | 11.5
Shields        | 4 5 6 7 8 9 |  9.7
Fighting       | 4 5 6 7 8 9 |  9.2
Dodging        | 1 2 3 |  3.3
Axes           | 1 4 5 |  5.4
Polearms       | 4 8 10 12 13 | 13.5
Evocations     | 1 |  1.0

Action                   |  1- 3 |  4- 6 |  7- 9 | 10-12 | 13-15 || total
-------------------------+-------+-------+-------+-------+-------++-------
Melee: Flail             |   143 |   236 |    23 |       |       ||   402
       War axe           |       |       |   144 |       |       ||   144
       Trident           |       |       |   148 |   634 |   432 ||  1214
       Peck              |       |       |       |    58 |    79 ||   137
Evoke: Wand              |       |       |     3 |     1 |     7 ||    11
  Use: Potion            |       |     9 |     4 |     7 |     1 ||    21
       Scroll            |       |       |     2 |    13 |     5 ||    20
 Stab: Petrified         |       |       |       |       |     3 ||     3
       Petrifying        |       |       |       |       |     1 ||     1
  Eat: Chunk             |     1 |    10 |    15 |    22 |     5 ||    53
       Meat ration       |       |       |       |       |     1 ||     1
       Bread ration      |       |       |       |       |     1 ||     1
Armor: Scale mail        |    85 |   116 |       |       |       ||   201
       Skin              |       |     1 |       |       |       ||     1
       Leather armour    |       |    12 |   104 |       |       ||   116
       Plate armour      |       |       |    17 |   282 |   152 ||   451
Dodge: Dodged            |    57 |    53 |    86 |    81 |    76 ||   353
Block: Shield            |    84 |   108 |   104 |       |       ||   296
       Large shield      |       |       |    95 |   270 |       ||   365
       Buckler           |       |       |       |    42 |    98 ||   140
       Reflection        |       |       |       |     2 |     5 ||     7
